Map: Givre EC

Players

Worming

  • Race: Zerg Zerg
  • League: Diamond

Token - Winner!

  • Race: Zerg Zerg
  • League: Diamond

VOD

Have the link to the VOD?

Description

Time

  • Played on: July 17, 2016, 4:21 p.m.
  • Length: 9:23
Show
View Real Time Build Order
Export as new Build Order

Worming Zerg 

Build Orders: Hatch First 

Get SALT Encoding   

  12  0:01  Drone  
  13  0:12  Overlord  
  13  0:17  Drone  
  14  0:31  Drone x2  
  14  0:35  Drone  
  17  0:45  Drone  
  18  0:56  Hatchery  
  17  1:02  Drone, Extractor  
  17  1:15  Spawning Pool  
  17  1:17  Drone  
  17  1:21  Drone  
  18  1:39  Drone  
  19  2:01  Queen  
  19  2:02  Zergling x2  
  19  2:05  Overlord  
  19  2:07  Queen  
  24  2:09  Drone  
  24  2:10  Drone, Metabolic Boost  
  24  2:14  Zergling x2  
  27  2:21  Drone  
  28  2:27  Baneling Nest  
  27  2:39  Drone x2  
  27  2:40  Drone  
  30  2:46  Overlord  
  30  2:47  Overlord  
  30  3:00  Zergling x4  
  32  3:10  Zergling x2  
  32  3:11  Zergling x8  
  32  3:12  Baneling x4  
  37  3:17  Zergling x6  
  40  3:24  Zergling x2  
  40  3:25  Zergling x2  
  42  3:28  Drone  
  31  3:59  Drone x9  
  40  4:04  Evolution Chamber  
  40  4:05  Evolution Chamber  
  40  4:06  Evolution Chamber  
  40  4:07  Spine Crawler  
  40  4:09  Extractor  
  35  4:11  Spine Crawler  
  35  4:16  Evolution Chamber  
  34  4:17  Lair  
  34  4:20  Drone  
  33  4:37  Roach Warren  
  32  4:38  Drone x5  
  32  4:43  Zerg Missile Weapons Level 1  
  32  4:45  Drone  
  38  4:51  Drone x2  
  38  4:52  Drone  
  41  4:57  Drone, Extractor  
  41  4:58  Drone  
  42  5:04  Overlord  
  42  5:09  Overlord  
  42  5:15  Drone x3  
  42  5:17  Glial Reconstitution  
  47  5:28  Roach  
  47  5:29  Roach x4  
  55  5:44  Roach  
  55  5:45  Roach  
  55  5:46  Overlord x2  
  55  5:48  Zergling x2  
  60  5:59  Overlord  
  60  6:02  Overlord  
  60  6:06  Roach x3  
  66  6:13  Roach  
  66  6:14  Roach x4  
  66  6:17  Overlord  
  76  6:20  Roach x2  
  76  6:24  Baneling x2  
  80  6:33  Roach x3  
  81  6:54  Roach x7  
  85  7:06  Roach x2  
  87  7:19  Roach  
  87  7:20  Roach x2  
  85  7:30  Roach x2  
  85  7:36  Zergling x2  
  90  7:41  Hatchery  
  93  7:44  Roach x4  
  93  7:45  Overlord  
  93  7:46  Overlord  
  93  8:00  Ravager  
  93  8:03  Ravager  
  93  8:05  Zergling x8  
  89  8:25  Roach x7  
  96  8:39  Roach x5  
  97  8:41  Zergling x2  
  84  8:58  Roach x6  
Show
View Real Time Build Order
Export as new Build Order

Token Zerg - Winner!

Build Orders: Hatch First 

Get SALT Encoding   

  12  0:00  Drone  
  13  0:13  Overlord  
  13  0:17  Drone  
  14  0:31  Drone x2  
  14  0:35  Drone  
  17  0:54  Hatchery  
  17  0:56  Drone  
  17  1:01  Drone  
  18  1:04  Extractor  
  17  1:16  Spawning Pool  
  17  1:17  Drone  
  17  1:21  Drone  
  18  1:30  Drone  
  19  1:42  Drone  
  20  2:06  Queen x2  
  20  2:07  Metabolic Boost  
  24  2:09  Zergling x4  
  24  2:12  Drone  
  28  2:15  Drone  
  28  2:20  Overlord  
  28  2:30  Overlord  
  28  2:36  Baneling Nest  
  28  2:37  Drone  
  28  2:39  Drone x2  
  30  2:46  Queen  
  30  2:50  Drone  
  33  2:52  Drone  
  33  2:57  Drone  
  35  2:59  Zergling x2  
  36  3:05  Drone  
  36  3:10  Zergling x2  
  38  3:16  Zergling x8  
  38  3:17  Zergling x4  
  44  3:24  Overlord  
  44  3:32  Overlord  
  44  3:33  Baneling  
  44  3:34  Baneling x2  
  36  3:57  Queen  
  36  3:58  Drone x2  
  36  4:00  Baneling x2  
  36  4:02  Zergling x6  
  41  4:04  Baneling  
  41  4:05  Zergling x2  
  42  4:13  Zergling x2  
  42  4:16  Zergling x2  
  44  4:28  Drone x4  
  48  4:34  Hatchery  
  47  4:41  Zergling x6  
  47  4:42  Drone x3  
  47  4:44  Lair  
  53  4:53  Drone x2  
  53  4:54  Roach Warren  
  53  4:55  Evolution Chamber  
  53  5:02  Drone  
  53  5:03  Drone x4  
  53  5:06  Extractor  
  57  5:07  Extractor  
  57  5:10  Zergling x2  
  57  5:12  Drone  
  58  5:23  Baneling x5  
  58  5:25  Drone x2  
  58  5:26  Overlord x2  
  59  5:36  Zerg Missile Weapons Level 1  
  59  5:47  Glial Reconstitution  
  59  5:48  Roach x3  
  65  5:52  Drone x3  
  65  5:53  Drone x3  
  71  5:58  Roach x2, Extractor  
  74  6:05  Zergling x10  
  79  6:14  Drone x2  
  79  6:16  Extractor  
  79  6:17  Drone, Overlord x2  
  79  6:18  Overlord  
  82  6:26  Extractor  
  82  6:28  Overlord x2  
  81  6:42  Queen  
  72  6:54  Roach  
  72  6:55  Roach x11  
  93  7:08  Roach x6  
  101  7:13  Roach  
  95  7:25  Roach  
  95  7:26  Roach x5  
  105  7:33  Roach x2  
  109  7:43  Roach x5  
  119  7:45  Overlord  
  119  7:51  Roach  
  121  7:54  Overseer  
  121  7:58  Overlord x3  
  121  8:04  Roach x2  
  121  8:05  Roach  
  127  8:11  Drone x2  
  119  8:23  Roach x7  
  119  8:24  Roach  
  135  8:27  Ravager  
  135  8:28  Ravager  
  135  8:29  Ravager x2  
  139  8:38  Roach x4  
  139  8:39  Overlord  
Tags
 
Add a new tag
Caveats
  • Supply blocks, unpowered buildings, or Contaminate may cause inaccurate times.
  • Supply counts are checked every 10 seconds.